 Dungeon Crawl Stone Soup version 0.20.0-15-g7f486f2 (webtiles) character file.

118 tatsu007 the Slasher (level 5, -2/35 HPs)
             Began as an Octopode Gladiator on June 17, 2017.
             Slain by Skryme's ghost (8 damage)
             ... on level 3 of the Dungeon.
             The game lasted 00:05:33 (2173 turns).

tatsu007 the Slasher (Octopode Gladiator)           Turns: 2173, Time: 00:05:34

Health: -2/35      AC:  1    Str: 14    XL:     5   Next: 2%
Magic:  5/5        EV: 15    Int: 11    God:
Gold:   67         SH:  0    Dex: 13    Spells: 4/4 levels left

rFire    . . .     SeeInvis .   a - +0 long sword
rCold    . . .     Gourm    .   (no shield)
rNeg     . . .     Faith    .   b - +0 hat
rPois    .         Spirit   .   (no amulet)
rElec    .         Reflect  .   (no ring)
rCorr    .         Harm     .   (no ring)
MR       .....                  (no ring)
Stlth    +++.......             (no ring)
Regen    0.2/turn               (no ring)
MPRegen  0.1/turn               (no ring)
                                (no ring)
                                (no ring)

@: no status effects
A: almost no armour, stealthy swim, amphibious, 8 rings, constrict 8, camouflage
1, deterioration 1, high mp 1, gelatinous body 1, subdued magic 1
a: no special abilities


You were on level 3 of the Dungeon.
You were not hungry.

You visited 1 branch of the dungeon, and saw 3 of its levels.

You collected 67 gold pieces.

Inventory:

Hand Weapons
 a - a +0 long sword (weapon)
Missiles
 c - 3 throwing nets (quivered)
Armour
 b - a +0 hat (worn)
Scrolls
 e - a scroll of teleportation {unknown}
 h - a scroll of blinking {unknown}
 i - a scroll of amnesia {unknown}
 k - 2 scrolls of identify
 n - a scroll of remove curse {unknown}
Potions
 l - a potion of curing {unknown}
 m - a potion of magic {unknown}
Comestibles
 d - 4 bread rations
 f - 5 chunks of flesh
 g - 2 meat rations


   Skills:
 + Level 2.3 Fighting
 * Level 4.4 Long Blades
 - Level 2.0 Throwing
 * Level 4.0 Dodging
 + Level 1.7 Stealth


You had 4 spell levels left.
You didn't know any spells.

Dungeon Overview and Level Annotations

Branches:
Dungeon (3/15)

Altars:

Annotations:
D:3 Skryme's ghost, amateur FoAK


Innate Abilities, Weirdness & Mutations

You cannot wear most types of armour.
You are very stealthy in the water. (Stealth+)
You are amphibious.
You can wear up to eight rings at the same time.
You can use your tentacles to constrict eight enemies at once.
Your skin changes colour to match your surroundings (Stealth+).
Your rubbery body absorbs attacks. (AC +1, EV +1)
Your body sometimes deteriorates upon taking damage.
You have an increased reservoir of magic. (+10% MP)
Your spells are a little easier to cast, but a little less powerful.


Message History

The adder closely misses you.
You riposte.
You barely miss the adder.
The adder is severely wounded.
You hit Skryme's ghost but do no damage.
You squeeze Skryme's ghost, but do no damage.
You constrict the adder. The adder completely misses you.
Skryme's ghost completely misses you.
You closely miss Skryme's ghost. You constrict the adder.
You kill the adder!
You have reached level 5!
You feel clever.
Skryme's ghost proudly claims, "A renegade god deserves renegade ghosts."
Skryme's ghost hits you.
You barely miss Skryme's ghost. Skryme's ghost closely misses you.
You closely miss Skryme's ghost. Skryme's ghost hits you!
* * * LOW HITPOINT WARNING * * *
It was a potion of mutation.
You feel extremely strange.
Your connection to magic feels subdued.
You feel yourself wasting away.
You feel more energetic. Skryme's ghost hits you!
You die...

... ....#.#.. ###..
#.....##
....######..#.###
#)###...........(..
..................
##########.........#.###
#.......##...........#
#............#.##..###
#......@W..#.#.......#
#........#.#.#.###.###
#........#.#.#.# #.#
#..%.....#.#.#.# #.# #
#.......##.#.##. .#####
#.......##...# . .....
#.....(.####.# ###..
######### #.# # #


You could see Skryme's ghost.

Vanquished Creatures
  A worker ant (D:3)
  Terence (D:2)
  2 adders
  3 worms (D:2)
  A dart slug (D:3)
  2 leopard geckos
  5 goblins
  7 hobgoblins
  3 jackals (D:2)
  3 bats
  3 frilled lizards
  7 kobolds
  5 rats
43 creatures vanquished.

Notes
Turn   | Place    | Note
-------+----------+-------------------------------------------
     0 | D:1      | tatsu007 the Octopode Gladiator began the quest for the Orb.
     0 | D:1      | Reached XP level 1. HP: 14/14 MP: 1/1
   464 | D:1      | Reached XP level 2. HP: 19/19 MP: 2/2
  1040 | D:2      | Reached XP level 3. HP: 17/25 MP: 3/3
  1075 | D:2      | Noticed Terence
  1085 | D:2      | Killed Terence
  1085 | D:2      | Reached skill level 1 in Stealth
  1377 | D:2      | Reached XP level 4. HP: 27/30 MP: 4/4
  1911 | D:3      | Noticed Skryme's ghost (amateur FoAK)
  2170 | D:3      | Reached XP level 5. HP: 21/35 MP: 5/5
  2173 | D:3      | Gained mutation: Your spells are a little easier to cast, but a little less powerful. [potion of mutation]
  2173 | D:3      | Gained mutation: Your body sometimes deteriorates upon taking damage. [potion of mutation]
  2173 | D:3      | Gained mutation: You have an increased reservoir of magic. (+10% MP) [potion of mutation]
  2173 | D:3      | Slain by Skryme's ghost

Skill      XL: |  1  2  3  4 |
---------------+-------------+-----
Stealth        | 1 |  1.7
Long Blades    | 4 |  4.4
Dodging        | 4 |  4.0
Fighting       | |  2.3
Throwing       | |  2.0

Action                   |  1- 3 |  4- 6 || total
-------------------------+-------+-------++-------
Melee: Long sword        |    38 |    34 ||    72
       Constrict         |    15 |     9 ||    24
       Tentacles         |     6 |     5 ||    11
  Use: Potion            |     2 |     1 ||     3
       Scroll            |     1 |       ||     1
 Stab: Sleeping          |     4 |     1 ||     5
  Eat: Chunk             |     1 |     3 ||     4
Armor: Skin              |     3 |     2 ||     5
Dodge: Dodged            |    31 |    34 ||    65
       Rpst.: Long sword |    10 |    12 ||    22
